 Dungeon Sprint DCSS version 0.30.1-11-g7821555f0a (webtiles) character file.

Game seed: 4826976797456581883

4 Heoruswealwe the Trooper (level 1, -1/20 HPs)
             Began as a Minotaur Fighter on Jan 8, 2024.
             Slain by an ice beast (10 damage)
             ... in the Dungeon (Sprint IX: "|||||||||||||||||||||||||||||").
             The game lasted 00:00:32 (23 turns).

Heoruswealwe the Trooper (Minotaur Fighter)           Turns: 23, Time: 00:00:33

Health: -1/20      AC:  7    Str: 20    XL:     1   Next: 58%
Magic:  0/0        EV:  9    Int:  5    God:
Gold:   0          SH:  4    Dex:  9    Spells: 0/0 levels left

rFire   . . .        a - +0 trident
rCold   . . .        d - +0 buckler
rNeg    . . .        c - +0 scale mail
rPois   .            (helmet restricted)
rElec   .            (no cloak)
rCorr   .            (no gloves)
SInv    .            (no boots)
Will    .....        (no amulet) Stlth
                     (no ring)
HPRegen 0.23/turn    (no ring)
MPRegen 0.07/turn

%: no teleportation
@: no status effects
A: horns 2, retaliatory headbutt
a: no special abilities


You were in the Dungeon.
You visited 1 branch

Inventory:

Hand Weapons
 a - a +0 trident (weapon)
Armour
 c - a +0 scale mail (worn)
 d - a +0 buckler (worn)
Potions
 b - a potion of might
 e - a potion of curing
 f - a potion of heal wounds
 g - a potion of haste
 i - a potion of berserk rage


   Skills:
 + Level 4.1 Fighting
 * Level 3.7 Polearms
 + Level 4.1 Armour
 - Level 3.6 Shields


You couldn't memorise any spells.
You didn't know any spells.
Your spell library was empty.

Dungeon Overview and Level Annotations

Branches:
Dungeon (1/1)

Altars:


Innate Abilities, Weirdness & Mutations

You have a pair of horns on your head.
You reflexively headbutt those who attack you in melee.


Message History

You kill the goblin!
The bat hits you but does no damage.
You closely miss the bat. The bat hits you but does no damage.
The bat barely misses you.
You barely miss the bat. You block the bat's attack.
The bat closely misses you.
You puncture the bat!
You kill the bat!
The bat hits you but does no damage.
Your Polearms skill increases to level 3!
You puncture the bat!
You kill the bat!
Your Fighting skill increases to level 4!
Your Armour skill increases to level 4!
You hit the ball python.
You kill the ball python!
The frilled lizard unfolds its giant frill.
You barely miss the frilled lizard.
The frilled lizard bites you but does no damage.
You puncture the frilled lizard!
You kill the frilled lizard!
There is an open door to the Dungeon, spattered with blood here.
Items here: ) †††.
Press: ? - help, v - describe, . - travel The floor.
As you open the door, it creaks loudly!
A gnoll, 2 ogres, a jackal and an ice beast come into view.
The gnoll shouts!
The jackal barks!
You puncture the ogre!
The ogre is moderately wounded.
The ogre barely misses you. You furiously retaliate!
You headbutt the ogre. You hit the ogre but do no damage.
The ogre is heavily wounded.
The ogre hits you with a +0 giant club!
Blink to where?
Press: ? - help, Dir - move target
As you read the scroll of blinking, it crumbles to dust.
The ice beast hits you. The ice beast freezes you!
Ouch! That really hurt!
You die...

▓.▓
▓.▓
▓§▓
▓O▓
▓g▓
▓O▓
▓h▓
▓Y▓
▓@▓
▓+▓


You could see an ice beast, 2 ogres, a gnoll and a jackal.

Vanquished Creatures
  A ball python (D)
  2 bats (D)
  A frilled lizard (D)
  A goblin (D)
5 creatures vanquished.

Notes
Turn   | Place    | Note
-------+----------+-------------------------------------------
     0 | D        | Heoruswealwe the Minotaur Fighter began the quest for the
                  | Orb.
     0 | D        | Reached XP level 1. HP: 19/19 MP: 0/0
    20 | D        | Noticed an ogre
    20 | D        | Noticed an ogre
    20 | D        | Noticed an ice beast
    23 | D        | Slain by an ice beast

Illustrated notes

Levels and vault maps discovered:
D:        linesprint [early_d, line_temple, items_1, d_10, items_2, lair_1,
          lair_end, items_3, orc_1, orc_end, items_4, d_15, swamp_1, shoals_1,
          snake_1, spider_1, d_20, vaults_1, items_5, swamp_end, shoals_end,
          snake_end, spider_end, vaults_end, d_27, items_6, zot_1, zot_end,
          crypt_end, forest_end, elf_end, slime_end, tomb_end, abyss_end,
          pan_hell_end]

Skill      XL: |  1 |
---------------+----+-----
Polearms       | 3 |  3.7
Fighting       | 4 |  4.1
Armour         | 4 |  4.1
Shields        | |  3.6

Action                     || total
---------------------------++-------
  Melee: Trident           ||    11
    Use: Scroll            ||     1
 Armour: Scale mail        ||     5
  Dodge: Dodged            ||     3
  Block: Buckler           ||     1
